 Dungeon Crawl Stone Soup version 0.19-a0-1908-g43c011f (webtiles) character file.

39 Leszczynek the Cudgeler (level 3, 1/36 HPs)
             Began as an Ogre Warper on Oct 22, 2016.
             Quit the game on level 1 of the Dungeon.
             The game lasted 00:03:25 (780 turns).

Leszczynek the Cudgeler (Ogre Warper)                Turns: 780, Time: 00:03:25

Health: 1/36       AC:  5    Str: 19    XL:     3   Next: 45%
Magic:  6/6        EV: 10    Int: 12    God:
Gold:   8          SH:  0    Dex: 10    Spells: 0 memorised, 6 levels left

rFire  . . .     SeeInvis .     a - +0 mace
rCold  . . .     Gourm    .     b - +0 robe
rNeg   . . .     Faith    .     (no shield)
rPois  .         Spirit   .     (helmet restricted)
rElec  .         Reflect  .     (no cloak)
rCorr  .         Harm     .     (gloves unavailable)
MR     .....                    (boots unavailable)
Stlth  +.........               (no amulet)
                                (no ring)
                                h - +3 ring of strength (curse)

@: lethally poisoned (1 -> -9), very slightly contaminated, hasted, very quick
A: unfitting armour, icy blue scales 1, tough skin 1
a: no special abilities


You were on level 1 of the Dungeon.
You were not hungry.

You visited 1 branch of the dungeon, and saw 2 of its levels.

You collected 8 gold pieces.

Inventory:

Hand Weapons
 a - a +0 mace (weapon)
Missiles
 e - 5 tomahawks of dispersal (quivered)
Armour
 b - a +0 robe (worn)
Jewellery
 h - a cursed +3 ring of strength (left hand)
Scrolls
 f - a scroll of blinking
 j - a scroll of magic mapping {unknown}
 k - a scroll of enchant weapon {unknown}
Books
 c - a book of Spatial Translocations

   Spells                             Type                      Level
   a - Blink                          Translocation                2
   b - Shroud of Golubria             Charms/Translocation         2
   c - Lesser Beckoning               Translocation                3
   d - Portal Projectile              Translocation                3
   e - Teleport Other                 Translocation                3
   f - Passage of Golubria            Translocation                4
Comestibles
 d - 2 bread rations
 i - a meat ration
 o - 6 chunks of flesh


   Skills:
 - Level 2.6 Fighting
 + Level 5.0 Maces & Flails
 - Level 1.0 Throwing
 - Level 2.1 Dodging
 - Level 2.4 Spellcasting
   Level 2.1 Translocations


You had 6 spell levels left.
You didn't know any spells.

Dungeon Overview and Level Annotations

Branches:
Dungeon (2/15)

Altars:

Annotations:
D:2 exclusion: adder, Sigmund


Innate Abilities, Weirdness & Mutations

You are too large for most types of armour.
You have tough skin. (AC +1)
You are partially covered in icy blue scales. (AC +2)


Message History

You feel sick. The adder bites you.
* * * LOW HITPOINT WARNING * * *
You are more poisoned.
The adder poisons you! The adder bites you but does no damage.
You are very lightly contaminated with residual magic.
You hit the adder.
The adder is severely wounded.
* * * LOW HITPOINT WARNING * * *
You feel sick. The adder bites you but does no damage.
You barely miss the adder.
The adder is severely wounded.
* * * LOW HITPOINT WARNING * * *
You feel sick. The adder misses you.
You thump the adder!
You kill the adder!
Your Maces & Flails skill increases to level 5!
* * * LOW HITPOINT WARNING * * *
You feel sick.
Unknown command.
Are you sure you want to abandon this character and quit the game? (Confirm with "yes".)

+.......................+........
####....##########...####........
# ##...# #.........# ##.......
##.## .#####.#(# ##.....# #.# #
#...#.# ##...## ######.#
#.###.###.# ##+# ....##.#
#.#.......# #.# ###.##.#
#.....)...# #.# ###.##.#
###.#@...## ##.## .......#
#.####.# ##...## ###.####
#......# #.....# ###.# ######.#
#...## ....# #.########.....
##### #...........###
###########.# #.# #.#


There were no monsters in sight!

Vanquished Creatures
  An adder (D:1)
  An ooze (D:2)
  2 giant cockroaches
  6 goblins
  5 hobgoblins
  A ball python (D:2)
  A frilled lizard (D:1)
  5 kobolds
  2 rats (D:1)
24 creatures vanquished.

Notes
Turn   | Place    | Note
-------+----------+-------------------------------------------
     0 | D:1      | Leszczynek the Ogre Warper began the quest for the Orb.
     0 | D:1      | Reached XP level 1. HP: 22/22 MP: 3/3
    34 | D:1      | Reached skill level 3 in Maces & Flails
   196 | D:1      | Reached XP level 2. HP: 23/29 MP: 5/5
   365 | D:2      | Reached skill level 4 in Maces & Flails
   618 | D:1      | Reached XP level 3. HP: 26/36 MP: 6/6
   706 | D:2      | Noticed Sigmund
   774 | D:1      | Gained mutation: You evolve. [potion of mutation]
   774 | D:1      | Gained mutation: You are partially covered in icy blue scales. (AC +2) [potion of mutation]
   774 | D:1      | Lost mutation: You evolve. [potion of mutation]
   777 | D:1      | HP: 3/36 [poisoned by an adder]
   779 | D:1      | Reached skill level 5 in Maces & Flails
   779 | D:1      | HP: 1/36 [poisoned by an adder]
   780 | D:1      | Quit the game

Vault maps used:
D:1:      minmay_arrival_solitary_statue
D:2:      lemuel_round_altar, kennysheep_crisscross, uniq_sigmund

Skill      XL: |  1  2  3 |
---------------+----------+-----
Maces & Flails | 3 4 5 |  5.0
Fighting       | |  2.6
Throwing       | |  1.0
Dodging        | |  2.1
Spellcasting   | |  2.4
Translocations | |  2.1

Action                   || total
-------------------------++-------
Melee: Mace              ||    83
  Use: Potion            ||     4
 Stab: Sleeping          ||     1
  Eat: Chunk             ||     1
Armor: Robe              ||    25
Dodge: Dodged            ||    47
